 Dungeon Crawl Stone Soup version 0.25.0-1-g7eea58d2a3 (webtiles) character file.

Game seed: 18176824452045484722

144 Esekla the Magician (level 5, 0/37 HPs)
             Began as a Formicid Wanderer on June 14, 2020.
             Slain by an orc warrior
             ... wielding a +0 mace
              (5 damage)
             ... in the Ecumenical Temple.
             The game lasted 00:19:53 (3234 turns).

Esekla the Magician (Formicid Wanderer)             Turns: 3234, Time: 00:19:54

Health: 0/37       AC:  2    Str: 16      XL:     5   Next: 52%
Magic:  9/13       EV: 11    Int: 14      God:
Gold:   94         SH:  0    Dex:  6 (9)  Spells: 7/16 levels left

rFire    . . .     SeeInvis +   n - +2 short sword (elec)
rCold    . . .     Gourm    .   (no shield)
rNeg     . . .     Faith    +   a - +0 robe (curse)
rPois    .         Spirit   .   (helmet unavailable)
rElec    .         Reflect  .   (no cloak)
rCorr    .         Harm     .   (no gloves)
MR       .....                  (no boots)
Stlth    +.........             b - amulet of faith (curse)
HPRegen  0.12/turn              (no ring)
MPRegen  0.13/turn              (no ring)

@: no status effects
A: permanent stasis, dig shafts and tunnels, four strong arms, antennae 3
a: Dig, Shaft Self


You were in the Ecumenical Temple.
You were near starving.

You visited 2 branches of the dungeon, and saw 5 of its levels.

You collected 94 gold pieces.

Inventory:

Hand Weapons
 d - a +1 dagger of protection
 n - a +2 short sword of electrocution (weapon)
Missiles
 i - 8 poisoned darts (quivered)
Armour
 a - a cursed +0 robe (worn)
 u - a +3 ring mail
 v - a scarf of repulsion
Jewellery
 b - a cursed amulet of faith (around neck)
 s - an uncursed amulet of the acrobat {unknown}
Scrolls
 e - a scroll of fear {unknown}
 g - a scroll of amnesia {unknown}
 h - a scroll of teleportation {unknown}
 l - a scroll of magic mapping {unknown}
 m - a scroll of enchant weapon {unknown}
 t - a scroll of immolation {unknown}
Potions
 c - a potion of curing
 j - a potion of brilliance
 k - a potion of cancellation
 o - a potion of stabbing
 p - 2 potions of degeneration {unknown}
 q - a potion of ambrosia
 r - a potion of flight
Comestibles
 f - 6 rations


   Skills:
 * Level 1.2 Fighting
 * Level 0.8 Short Blades
 + Level 0.8 Dodging
 + Level 1.5 Stealth
 * Level 6.2 Spellcasting
 * Level 1.2 Conjurations
 * Level 1.6 Air Magic
   Level 2.4 Earth Magic
 * Level 2.2 Poison Magic
   Level 1.1 Evocations


You had 7 spell levels left.
You knew the following spells:

 Your Spells              Type           Power        Failure   Level  Hunger
a - Magic Dart            Conj           #...         10%         1    None
c - Mephitic Cloud        Conj/Pois/Air  #.......     22%         3    ###....
f - Conjure Flame         Conj/Fire      #.......     36%         3    ###....
v - Poisonous Vapours     Pois/Air       #.....       11%         2    #......

Your spell library contained the following spells:

 Spells                   Type           Power        Failure   Level  Hunger
 Corpse Rot               Necr/Air       N/A          17%         2    #......
 Call Imp                 Summ           #.......     24%         2    #......
 Slow                     Hex            #.......     24%         2    #......
 Blink                    Tloc           Unusable     N/A         2    N/A

Dungeon Overview and Level Annotations

Branches:
Dungeon (6/15)             Temple (1/1) D:6

Altars:
Ashenzari
Cheibriados
Dithmenos
Elyvilon
Fedhas
Gozag
Hepliaklqana
Kikubaaqudgha
Makhleb
Nemelex Xobeh
Okawaru
Ru
Sif Muna
Trog
Uskayaw
Vehumet
Wu Jian
Xom
Yredelemnul
Zin
The Shining One


Innate Abilities, Weirdness & Mutations

You cannot be hasted, slowed, berserked, paralysed or teleported.
You can dig through walls and to a lower floor.
Your four strong arms can wield two-handed weapons with a shield.
You have a pair of large antennae on your head. (SInv)


Message History

Aim: an orc warrior, wielding a +0 mace and wearing a +0 chain mail Poisonous vapours surround the orc warrior!
The orc warrior is engulfed in poison gas.
The orc warrior is poisoned.
The orc warrior closely misses you.
Casting: Poisonous Vapours (safe; 11% risk of failure)
Confirm with . or Enter, or press ? or * to list all spells.
Aiming: Poisonous Vapours (safe; 11% risk of failure)
Press: ? - help, Dir - move target cursor, f/p - orc warrior
Aim: an orc warrior, wielding a +0 mace and wearing a +0 chain mail (lightly wounded, poisoned) Poisonous vapours surround the orc warrior!
The orc warrior is engulfed in poison gas.
The orc warrior looks even sicker.
The orc warrior hits you with a +0 mace!
* * * LOW HITPOINT WARNING * * *
Okay, then.
Okay, then.
You hit the orc warrior but do no damage.
The orc warrior is moderately wounded.
The orc warrior hits you with a +0 mace.
You die...

≈≈≈≈≈.........................
≈≈≈≈≈.............##_##.......
≈≈≈≈............#########.....
≈≈≈≈....._.....## ##....
≈≈≈...........## ##...
≈≈≈#..........# #...
≈≈≈..........## ##..
≈≈≈....._....## ##..
≈≈≈.........o@# #_..
≈≈≈..........## ##..
≈≈≈..........## ##..
≈≈≈#...._.....# #...
≈≈≈...........## ##...
≈≈≈≈...........## ##....
≈≈≈≈............#########.....
≈≈≈≈≈....._.......##_##.......
≈≈≈≈≈.........................


You could see an orc warrior (very poisoned).

Vanquished Creatures
  An ogre (D:2)
  2 worms (D:2)
  2 dart slugs (D:1)
  4 leopard geckos
  4 giant cockroaches
  5 goblins
  3 hobgoblins (D:2)
  4 jackals (D:1)
  A quokka (D:6)
  4 bats
  6 frilled lizards
  9 kobolds
  5 rats
50 creatures vanquished.

Notes
Turn   | Place    | Note
-------+----------+-------------------------------------------
     0 | D:1      | Esekla the Formicid Wanderer began the quest for the Orb.
     0 | D:1      | Esekla set off with the following items: a +0 club, a
                  | potion of curing, a +0 robe, a ration; and the following
                  | spell memorised: Magic Dart; and the following spells
                  | available to memorise: Corpse Rot, Poisonous Vapours, Call
                  | Imp, Slow, Mephitic Cloud, Conjure Flame
     0 | D:1      | Reached XP level 1. HP: 13/13 MP: 6/6
     4 | D:1      | Noticed an electric eel
   598 | D:1      | Reached XP level 2. HP: 15/19 MP: 8/8
   602 | D:1      | Learned a level 2 spell: Poisonous Vapours
  1236 | D:1      | Reached XP level 3. HP: 21/24 MP: 3/10
  1390 | D:2      | Learned a level 3 spell: Mephitic Cloud
  1394 | D:2      | Learned a level 3 spell: Conjure Flame
  1808 | D:2      | Noticed an ogre
  1816 | D:2      | Killed an ogre
  1816 | D:2      | Reached skill level 1 in Fighting
  1816 | D:2      | Reached skill level 6 in Spellcasting
  1816 | D:2      | Reached skill level 1 in Conjurations
  1816 | D:2      | Reached skill level 1 in Poison Magic
  1816 | D:2      | Reached XP level 4. HP: 5/32 MP: 7/12
  1816 | D:2      | Reached XP level 5. HP: 6/37 MP: 7/13
  2908 | D:3      | You fall into a shaft and drop 3 floors!
  2927 | D:6      | Noticed an orc warrior
  2938 | D:6      | Found a staircase to the Ecumenical Temple.
  2947 | Temple   | Entered the Ecumenical Temple
  3234 | Temple   | Slain by an orc warrior

Illustrated notes

Levels and vault maps discovered:
D:1:      arrival_aquarium_a, layout_loops_ring, st_stairs_14,
          minmay_octomino_e4
D:2:      minmay_recursive_quarters, layout_rooms
D:3:      layout_basic, serial_curves, eino_curves_03, eino_curves_04
D:6:      layout_layer_cave, minmay_temple_entry_drinking_statues,
          minmay_three_doors
Temple:   nicolae_temple_the_god_donut

Skill      XL: |  1  2  3  4  5 |
---------------+----------------+-----
Fighting       | 1 |  1.2
Spellcasting   | 6 |  6.2
Conjurations   | 1 |  1.2
Poison Magic   | 1 2 |  2.2
Short Blades   | |  0.8
Dodging        | |  0.8
Stealth        | |  1.5
Air Magic      | |  1.6
Earth Magic    | |  2.4
Evocations     | |  1.1

Action                   |  1- 3 |  4- 6 || total
-------------------------+-------+-------++-------
Melee: Dagger            |    54 |       ||    54
       Short sword       |    25 |    42 ||    67
       Club              |     1 |       ||     1
 Cast: Poisonous Vapours |    20 |    20 ||    40
       Magic Dart        |       |     2 ||     2
 Abil: Shaft Self        |       |     1 ||     1
  Use: Scroll            |       |     5 ||     5
 Stab: Sleeping          |     3 |       ||     3
  Eat: Chunk             |     3 |     4 ||     7
Armor: Robe              |    18 |    20 ||    38
Dodge: Dodged            |    40 |    38 ||    78
